 Dungeon Crawl Stone Soup version 0.17.1-3-g152610e (webtiles) character file.

2024 Zhenya25pyc the Shield-Bearer (level 9, -7/71 HPs)
             Began as a Formicid Fighter on Apr 7, 2016.
             Was a Priest of Okawaru.
             Mangled by an orc warrior
             ... wielding a +0 scimitar
              (11 damage)
             ... on level 6 of the Dungeon.
             The game lasted 00:37:01 (9568 turns).

Zhenya25pyc the Shield-Bearer (Formicid Fighter)    Turns: 9568, Time: 00:37:01

Health: -7/71      AC: 10    Str: 23    XL:     9   Next: 47%
Magic:  7/9        EV: 12    Int:  8    God:    Okawaru [***...]
Gold:   219        SH: 13    Dex: 11    Spells: 0 memorised, 8 levels left

rFire  . . .     SeeInvis +     x - +1 spear (vamp)
rCold  . . .     Clarity  .     b - +0 scale mail
rNeg   + . .     SustAt   +     c - +0 shield
rPois  .         Gourm    .     (helmet unavailable)
rElec  .         Spirit   .     A - +0 cloak
rCorr  .         Warding  .     (no gloves)
rMut   .         Stasis   +     (no boots)
MR     .....                    f - amulet of faith
Stlth  +.........               H - ring of sustain attributes (curse)
                                q - ring of positive energy

@: heroism, not resistant to hostile enchantments, very unstealthy
A: permanent stasis, dig shafts and tunnels, four strong arms, antennae 3
a: Dig, Shaft Self, Heroism, Renounce Religion


You were on level 6 of the Dungeon.
You worshipped Okawaru.
Okawaru was most pleased with you.
You were not hungry.

You visited 1 branch of the dungeon, and saw 6 of its levels.
You also visited: Sewer.

You collected 219 gold pieces.

Inventory:

Hand Weapons
 a - a +1 flail
 h - a +0 spear of flaming
 x - a +1 vampiric spear (weapon)
Missiles
 i - 3 curare-tipped needles (quivered)
Armour
 b - a +0 scale mail (worn)
 c - a +0 shield (worn)
 r - a +0 chain mail
 A - a +0 cloak (worn)
Jewellery
 f - an amulet of faith (around neck)
 q - a ring of positive energy (left hand)
 H - a cursed ring of sustain attributes (right hand)
Wands
 o - a wand of teleportation (3)
 y - a wand of polymorph (1)
Scrolls
 g - 2 scrolls of identify
 j - 2 scrolls of fear
 l - a scroll of enchant weapon
 m - 2 scrolls of remove curse
 n - 3 scrolls of teleportation {unknown}
 p - 2 scrolls of recharging {unknown}
 s - 2 scrolls of immolation
 u - a scroll of amnesia {unknown}
 w - a scroll of blinking {unknown}
 B - a scroll of magic mapping
 C - 2 scrolls of random uselessness {unknown}
 D - a scroll of fog {unknown}
Potions
 d - 3 potions of might
 e - a potion of brilliance {unknown}
 k - a potion of invisibility
 t - a potion of magic {unknown}
 v - a potion of curing
 z - a potion of mutation {unknown}
Comestibles
 E - a bread ration
 F - 3 fruits


   Skills:
 + Level 6.4(11.4) Fighting
 - Level 4.6(9.6) Maces & Flails
 * Level 6.2(11.2) Polearms
 + Level 6.7(11.7) Armour
 + Level 7.1(12.1) Shields


You had 8 spell levels left.
You didn't know any spells.

Dungeon Overview and Level Annotations

Branches:
Dungeon (6/15)             Temple (0/1) D:4

Altars:
Ashenzari
Cheibriados
Dithmenos
Fedhas
Okawaru
Qazlal
Ru
Trog


Innate Abilities, Weirdness & Mutations

You are under a permanent stasis effect.
You can dig through walls and to a lower floor.
Your four strong arms can wield two-handed weapons with a shield.
You have a pair of large antennae on your head (SInv).


Message History

You hit the orc warrior.
The orc warrior is almost dead.
You block the orc warrior's attack.
You hit the orc warrior.
You feel better.
The orc warrior is almost dead.
The orc warrior barely misses you.
You hit the orc warrior but do no damage.
The orc warrior is almost dead.
You hit the orc warrior but do no damage.
The orc warrior is almost dead.
The orc warrior hits you with a scimitar!!
* * * LOW HITPOINT WARNING * * *
The orc priest miscasts a cantrip.
You hit the orc warrior but do no damage.
The orc warrior is almost dead.
You block the orc warrior's attack.
You gain the combat prowess of a mighty hero.
You feel slightly more hungry.
The orc warrior hits you with a scimitar!
You die...

{ ####### #.....# {
#@# #o# # . . #o#
.#...
....###o#######......
.......oa..a.......#
.######.#a..(#.......
#.#....#...#.#.
#.#>..<#...#
#.#....#.....


You could see an orc warrior, a worker ant, an orc priest and 2 orcs.

Vanquished Creatures
  Sigmund (D:5)
  2 ice beasts
  A phantom (D:5)
  3 ogres
  A big kobold (D:4)
  2 scorpions (D:5)
  2 jellies (D:5)
  2 crimson imps (D:5)
  3 hounds
  Crazy Yiuf (D:4)
  5 orc priests
  Ijyb (D:2)
  An iguana (D:4)
  6 orc wizards
  5 worker ants (D:4)
  2 hound skeletons
  Robin (D:2)
  17 adders
  11 gnolls
  A shadow imp (D:5)
  An ooze (D:2)
  2 worms
  4 giant geckos
  11 orcs
  6 bats
  4 giant cockroaches
  7 hobgoblins
  5 ball pythons
  A giant cockroach zombie (D:5)
  8 giant newts
  19 goblins
  22 jackals
  A jackal skeleton (D:4)
  18 kobolds
  2 quokka skeletons (D:5)
  10 rats
  6 plants
195 creatures vanquished.

Notes
Turn   | Place    | Note
--------------------------------------------------------------
     0 | D:1      | Zhenya25pyc the Formicid Fighter began the quest for the Orb.
     0 | D:1      | Reached XP level 1. HP: 18/18 MP: 1/1
   288 | D:1      | Reached XP level 2. HP: 17/24 MP: 2/2
  1060 | D:1      | Reached XP level 3. HP: 29/29 MP: 3/3
  1092 | D:2      | Found a shattered altar of Ashenzari.
  1097 | D:2      | Noticed Robin
  1144 | D:2      | Killed Robin
  1144 | D:2      | Reached skill level 4 in Shields
  1476 | D:2      | Reached XP level 4. HP: 34/36 MP: 4/4
  1902 | D:2      | Found a faded altar to an unknown god.
  1903 | D:2      | Noticed Ijyb
  1927 | D:2      | Killed Ijyb
  1934 | D:2      | HP: 1/37 [kobold/short sword (2)]
  2045 | D:2      | Became a worshipper of Warmaster Okawaru
  2045 | D:2      | Reached * piety under Okawaru
  2184 | D:2      | Reached XP level 5. HP: 42/42 MP: 5/5
  2219 | D:2      | Found a shadowy altar of Dithmenos.
  2223 | D:2      | Found a sacrificial altar of Ru.
  2225 | D:2      | Found a bloodstained altar of Trog.
  2602 | D:3      | Found a glowing drain.
  2660 | D:3      | HP: 3/63 [poisoned by an adder]
  2667 | D:3      | HP: 2/63 [poisoned by an adder]
  2675 | D:3      | HP: 2/63 [poisoned by an adder]
  2929 | Sewer    | Entered a sewer
  3754 | Sewer    | Reached XP level 6. HP: 46/48 MP: 6/6
  4961 | D:4      | Reached XP level 7. HP: 11/55 MP: 7/7
  5281 | D:4      | Found a staircase to the Ecumenical Temple.
  5358 | D:4      | Reached skill level 5 in Armour
  5358 | D:4      | Reached skill level 5 in Shields
  5377 | D:4      | Reached skill level 1 in Polearms
  5457 | D:4      | Reached ** piety under Okawaru
  5514 | D:4      | Found a snail-covered altar of Cheibriados.
  6009 | D:4      | Noticed Crazy Yiuf
  6366 | D:4      | Reached skill level 5 in Fighting
  6409 | D:4      | Reached XP level 8. HP: 27/62 MP: 8/8
  6417 | D:4      | Killed Crazy Yiuf
  7613 | D:5      | Entered Level 5 of the Dungeon
  7613 | D:5      | Noticed Sigmund
  7719 | D:5      | Reached skill level 6 in Shields
  7911 | D:5      | Killed Sigmund
  8082 | D:5      | Reached XP level 9. HP: 43/69 MP: 9/9
  8108 | D:5      | Reached skill level 5 in Polearms
  8292 | D:5      | Reached *** piety under Okawaru
  8753 | D:5      | Found a stormy altar of Qazlal.
  9062 | D:5      | Reached skill level 7 in Shields
  9495 | D:5      | Found a blossoming altar of Fedhas.
  9566 | D:6      | HP: 3/71 [orc warrior/scimitar (20)]
  9568 | D:6      | Mangled by an orc warrior

Action                   |  1- 3 |  4- 6 |  7- 9 || total
-------------------------+-------+-------+-------++-------
Melee: Flail             |    97 |   434 |       ||   531
       Spear             |       |    40 |   941 ||   981
Invok: Heroism           |       |       |     3 ||     3
 Abil: Dig               |       |     8 |     9 ||    17
  Use: Potion            |       |     3 |     2 ||     5
       Scroll            |       |     6 |       ||     6
  Eat: Meat ration       |     1 |       |     2 ||     3
       Bread ration      |       |     3 |       ||     3
       Chunk             |       |     2 |     8 ||    10
       Beef jerky        |       |     2 |       ||     2
